AoeStats
← feizda

Arabia

509078323Analyzed
1v1 RM · 6d ago on Sep 25, 2026· 38m 37s· 2 players
Game mode
Random Map
Map size
Tiny (2 player)
Population
200
Speed
Normal
Resources
Standard
Victory
Conquest
Starting age
Dark Age
Ending age
Imperial Age
RankedLock teamsTeams togetherTeam positionsShared explorationLock speedFull tech treeHidden civsTurbo modeCheats
Victory
Defeat
🇨🇳 Wei · China
1320
+14
🇨🇳 Portuguese · China
1273
-14
feizda
6:43 Loom
9:29 Feudal Age
10:00 Double-Bit Axe
18:54 Scale Barding Armor
19:25 Bloodlines
22:08 Forging
26:49 Castle Age
25:11 Town Watch
26:53 Light Cavalry
30:43 Wheelbarrow
31:42 Iron Casting
31:50 Hand Cart
33:23 Husbandry
36:50 Pikeman
37:40 Elite Skirmisher
38:28 Horse Collar
人生😈百态
6:31 Loom
9:49 Feudal Age
9:58 Man-at-Arms
14:09 Double-Bit Axe
15:06 Fletching
16:52 Padded Archer Armor
23:35 Castle Age
24:13 Scale Barding Armor
25:42 Bow Saw
26:13 Forging
27:15 Wheelbarrow
27:04 Husbandry
29:28 Horse Collar
30:11 Hand Cart
31:01 Heavy Plow
33:54 Bloodlines
35:03 Thumb Ring
38:25 Imperial Age
35:55 Bodkin Arrow
36:42 Ballistics
37:40 Gold Mining
37:41 Stone Mining
38:36 Leather Archer Armor
38:59 Iron Casting
Connection lost

Rejoining the realm…

Still unreachable

The connection could not be restored.

Session expired

The server has moved on; the page needs a fresh start.